 Dungeon Crawl Stone Soup version 0.19.5 (webtiles) character file.

107 equalderp2856 the Skirmisher (level 4, 0/35 HPs)
             Began as a Mummy Fighter on Mar 30, 2017.
             Slain by Grinder (6 damage)
             ... on level 2 of the Dungeon.
             The game lasted 00:03:50 (2424 turns).

equalderp2856 the Skirmisher (Mummy Fighter)        Turns: 2424, Time: 00:03:51

Health: 0/35       AC:  6    Str: 20    XL:     4   Next: 56%
Magic:  4/4        EV:  7    Int:  7    God:
Gold:   57         SH:  9    Dex: 11    Spells: 0 memorised, 3 levels left

rFire  x . .     SeeInvis .     a - +0 long sword
rCold  + . .     Gourm    .     b - +0 scale mail
rNeg   + + +     Faith    .     c - +0 shield
rPois  ∞         Spirit   .     (no helmet)
rElec  .         Reflect  .     (no cloak)
rCorr  .         Harm     .     (no gloves)
MR     .....                    (no boots)
Stlth  ..........               (no amulet)
                                (no ring)
                                (no ring)

@: no status effects
A: no food or potions, fire vulnerability, cold resistance 1, negative energy
resistance 3, torment resistance, unbreathing
a: no special abilities


You were on level 2 of the Dungeon.
You were not hungry.

You visited 1 branch of the dungeon, and saw 3 of its levels.

You collected 57 gold pieces.

Inventory:

Hand Weapons
 a - a +0 long sword (weapon)
 e - a cursed -1 flail
Missiles
 g - 28 stones (quivered)
Armour
 b - a +0 scale mail (worn)
 c - a +0 shield (worn)
 f - a +0 shield
 j - a +0 robe
Scrolls
 d - a scroll of identify


   Skills:
 + Level 3.4 Fighting
 + Level 2.3 Long Blades
 + Level 3.1 Armour
 + Level 0.5 Dodging
 + Level 3.0 Shields


You had 3 spell levels left.
You didn't know any spells.

Dungeon Overview and Level Annotations

Branches:
Dungeon (3/15)

Altars:

Annotations:
D:2 Grinder, Sigmund


Innate Abilities, Weirdness & Mutations

You do not eat or drink.
Your flesh is vulnerable to fire.
You are immune to poison.
Your flesh is cold resistant. (rC+)
You are immune to negative energy. (rN+++)
You are immune to unholy pain and torment.
You can survive without breathing.


Message History

Grinder gestures at you. You resist with significant effort. Grinder hits you!
Grinder hits you.
* * * LOW HITPOINT WARNING * * *
Grinder hits you.
* * * LOW HITPOINT WARNING * * *
Grinder hits you but does no damage.
Grinder says, "Mostly I couldn't keep them alive."
Grinder hits you.
* * * LOW HITPOINT WARNING * * *
You can move again.
As you read the scroll labeled NIONGO LOIF, it crumbles to dust.
It is a scroll of identify.
e - a cursed -1 flail You block Grinder's attack.
As you read the scroll labeled WEWOTT QUMO, it crumbles to dust.
You feel aware of your surroundings.
You sensed 2 altars.
It was a scroll of magic mapping.
Grinder hits you.
You die...

############
#..........#######
#.########.......#
#.# ########.# #@#
#......... #5#
#.######†# #@#
#.#####... #.#
#.......#. #.#
#..####... ###.#
#..# ##.#
#...#######..# #.#
#.....>...@..# #.#
#...#######..# #.#


You could see Grinder and Sigmund.

Vanquished Creatures
  Terence (D:2)
  An adder (D:1)
  A gnoll (D:1)
  3 worms
  5 dart slugs
  A leopard gecko (D:2)
  7 bats
  3 giant cockroaches
  2 goblins (D:1)
  4 hobgoblins (D:1)
  2 jackals (D:1)
  A quokka (D:3)
  2 ball pythons (D:2)
  A frilled lizard (D:2)
  6 kobolds (D:1)
  3 rats (D:1)
43 creatures vanquished.

Notes
Turn   | Place    | Note
-------+----------+-------------------------------------------
     0 | D:1      | equalderp2856 the Mummy Fighter began the quest for the Orb.
     0 | D:1      | Reached XP level 1. HP: 18/18 MP: 1/1
   149 | D:1      | Reached XP level 2. HP: 24/24 MP: 2/2
   983 | D:1      | Reached XP level 3. HP: 29/29 MP: 3/3
  1866 | D:2      | Reached XP level 4. HP: 35/35 MP: 4/4
  1932 | D:2      | Noticed Terence
  1958 | D:2      | Killed Terence
  2164 | D:2      | Noticed Sigmund
  2403 | D:3      | Noticed Grinder
  2405 | D:3      | Paralysed by Grinder for 7 turns
  2416 | D:2      | Paralysed by Grinder for 7 turns
  2424 | D:2      | Slain by Grinder

Skill      XL: |  1  2  3  4 |
---------------+-------------+-----
Long Blades    | 2 |  2.3
Armour         | 3 |  3.1
Shields        | 3 |  3.0
Fighting       | |  3.4
Dodging        | |  0.5

Action                   |  1- 3 |  4- 6 || total
-------------------------+-------+-------++-------
Melee: Long sword        |   142 |    60 ||   202
  Use: Scroll            |       |     2 ||     2
Armor: Scale mail        |    59 |    27 ||    86
Dodge: Dodged            |    39 |    17 ||    56
Block: Shield            |    77 |    36 ||   113
       Rpst.: Long sword |    10 |     4 ||    14
